Map: 트라이튼 - 래더

Players

soO

  • Race: Zerg Zerg
  • League: Master
  • Spawn Location: 5:00

Zest - Winner!

  • Race: Protoss Protoss
  • League: Master
  • Spawn Location: 11:00

Event: HomeStory Cup XX

VOD

Have the link to the VOD?

Description

Time

  • Played on: Nov. 22, 2019, 9 a.m.
  • Length: 5:18

All games in this series

Show
View Real Time Build Order
Export as new Build Order

soO Zerg 

Build Orders: Hatch First 

Get SALT Encoding   

  12  0:00  Drone  
  13  0:12  Overlord  
  13  0:16  Drone  
  14  0:30  Drone x2  
  16  0:47  Hatchery  
  15  0:50  Drone  
  15  0:54  Drone  
  17  0:57  Drone  
  18  1:08  Extractor  
  17  1:12  Spawning Pool  
  17  1:15  Drone  
  17  1:19  Drone  
  18  1:28  Drone  
  19  1:40  Drone  
  20  1:49  Overlord  
  20  2:01  Spine Crawler  
  20  2:03  Queen  
  21  2:12  Spine Crawler  
  20  2:25  Spine Crawler  
  19  2:32  Zergling x2, Spine Crawler  
  19  2:42  Queen  
  21  2:58  Metabolic Boost  
  21  2:59  Queen  
  21  3:05  Zergling x2  
  24  3:13  Zergling x4  
  24  3:16  Zergling x2  
  27  3:22  Zergling x4  
  29  3:28  Zergling x4  
  29  3:32  Zergling x2  
  32  3:35  Zergling x2  
  33  3:44  Zergling x2  
  33  3:45  Zergling x4  
  33  3:49  Zergling x2  
  33  3:51  Zergling x2  
  29  3:56  Zergling x2  
  29  3:58  Zergling x2  
  27  4:03  Zergling x2  
  27  4:05  Zergling x2  
  27  4:10  Zergling x4  
  27  4:17  Zergling x4  
  27  4:20  Zergling x2  
  30  4:25  Zergling x2  
  30  4:30  Zergling x4  
  33  4:42  Queen  
  33  4:45  Zergling x2  
  35  4:51  Zergling x2  
  35  4:52  Zergling x2  
  35  4:55  Zergling x2  
  34  5:00  Zergling x4  
Show
View Real Time Build Order
Export as new Build Order

Zest Protoss - Winner!

Build Orders:  

Get SALT Encoding   

  12  0:00  Probe  
  13  0:12  Probe  
  14  0:17  Pylon  
  14  0:24  Probe  
  15  0:32  Probe  
  15  0:37  Gateway  
  15  0:40  Probe  
  16  0:46  Assimilator  
  17  0:51  Probe  
  18  1:00  Forge  
  18  1:03  Probe  
  19  1:15  Probe  
  19  1:17  Pylon  
  20  1:26  Cybernetics Core  
  20  1:27  Probe  
  21  1:37  Photon Cannon  
  21  1:44  Pylon  
  21  1:58  Pylon  
  21  2:05  Pylon  
  21  2:12  Robotics Facility  
  21  2:17  Shield Battery  
  21  2:24  Photon Cannon  
  21  2:26  Photon Cannon  
  21  2:33  Shield Battery  
  21  2:43  Photon Cannon  
  21  2:49  Pylon  
  21  2:54  Immortal  
  25  3:18  Shield Battery  
  25  3:23  Warp Prism  
  27  3:37  Shield Battery  
  27  3:47  Immortal  
  30  4:20  Immortal  
  30  4:21  Pylon  
  33  4:41  Photon Cannon  
  33  4:48  Shield Battery  
  33  5:00  Gateway  
  33  5:09  Gateway  
  33  5:10  Pylon  
Tags
 
Add a new tag
Caveats
  • Supply blocks, unpowered buildings, or Contaminate may cause inaccurate times.
  • Supply counts are checked every 10 seconds.